 Dungeon Crawl Stone Soup version 0.32-a0-120-gfac0567ad4 (webtiles) character file.

Game seed: 15831574893182646079

1373 CougarLife the Grappler (level 8, 0/79 HPs)
             Began as a Troll Fighter on Feb 6, 2024.
             Was a Follower of Uskayaw.
             Slain by a gnoll
             ... wielding a +0 club
             ... led by a gnoll sergeant
              (4 damage)
             ... on level 6 of the Dungeon.
             The game lasted 00:05:16 (3877 turns).

CougarLife the Grappler (Troll Fighter)             Turns: 3877, Time: 00:05:17

Health: 0/79       AC:  5    Str: 27    XL:     8   Next: 39%
Magic:  7/7        EV:  9    Int:  4    God:    Uskayaw [*.....]
Gold:   260        SH: 12    Dex:  9    Spells: 7/7 levels left

rFire   . .          .
                       - Unarmed
rCold   . . .        b - +0 kite shield
rNeg    . . .        a - +0 robe
rPois   .            (helmet restricted)
rElec   .            t - +0 cloak
rCorr   .            (gloves unavailable)
SInv    .            (boots unavailable)
Will    .....        g - amulet of reflection
Stlth   +            (no ring)
HPRegen 1.13/turn    (no ring)
MPRegen 0.10/turn

%: reflection
@: mighty
A: large, unfitting armour, claws 3, regeneration 1, shaggy fur 1, tough skin 1
a: Renounce Religion, Stomp


You were on level 6 of the Dungeon.
You worshipped Uskayaw.
Uskayaw was noncommittal.
You visited 2 branches of the dungeon, and saw 7 of its levels.

You collected 260 gold pieces.

Inventory:

Missiles
 h - 16 poisoned darts (quivered)
 i - a throwing net
 n - 2 javelins
 s - 3 boomerangs
Armour
 a - a +0 robe (worn)
 b - a +0 kite shield (worn)
 t - a +0 cloak (worn)
Jewellery
 g - an amulet of reflection (around neck)
 o - a ring of ice
 z - a ring of see invisible
Wands
 r - a wand of iceblast (17)
Scrolls
 e - a scroll of amnesia {unknown}
 j - 4 scrolls of identify {unknown}
 m - 3 scrolls of teleportation {unknown}
 p - 3 scrolls of fog {unknown}
 u - a scroll of torment {unknown}
 w - a scroll of butterflies {unknown}
 x - a scroll of enchant armour {unknown}
 y - a scroll of immolation {unknown}
 A - 2 scrolls of revelation {unknown}
Potions
 d - 4 potions of ambrosia {unknown}
 f - 2 potions of lignification {unknown}
 k - a potion of cancellation {unknown}
 l - a potion of mutation {unknown}
 q - 3 potions of curing {unknown}
 v - 2 potions of heal wounds {unknown}


   Skills:
 + Level 4.4 Fighting
 - Level 3.0 Dodging
 - Level 2.6 Shields
 - Level 9.3 Unarmed Combat


You had 7 spell levels left.
You didn't know any spells.
Your spell library contained the following spells:

 Spells                   Type           Power      Damage    Failure   Level
 Ensorcelled Hibernation  Hex/Ice        0%         N/A       87%         2
 Dazzling Flash           Conj/Hex       0%         N/A       98%         3
 Fugue of the Fallen      Necr           0%         N/A       98%         3
 Mephitic Cloud           Conj/Alch/Air  0%         N/A       98%         3
 Volatile Blastmotes      Fire/Tloc      0%         2d10      98%         3
 Anguish                  Hex/Necr       0%         N/A       100%        4
 Animate Dead             Necr           0%         N/A       100%        4
 Curse of Agony           Necr           0%         N/A       100%        5
 Silence                  Hex/Air        0%         N/A       100%        5
 Starburst                Conj/Fire      0%         6d3       100%        6
 Haunt                    Necr/Summ      0%         N/A       100%        7
 Infestation              Necr           0%         N/A       100%        8
 Maxwell's Capacitive Co  Air            0%         ∞         100%        8


Dungeon Overview and Level Annotations

Branches:
Dungeon (6/15)             Temple (1/1) D:4

Altars:
Dithmenos
Elyvilon
Fedhas
Gozag
Kikubaaqudgha
Okawaru
Qazlal
Ru
Sif Muna
Trog
Uskayaw
Vehumet
Wu Jian
Xom
Zin
The Shining One

Annotations:
Temple 2 transporters


Innate Abilities, Weirdness & Mutations

You are too large for most types of armour.
You have claws for hands.
Your natural rate of healing is unusually fast.
You are covered in fur. (AC +1)
You have tough skin. (AC +1)


Message History

The gnoll attacks as it pursues you! The gnoll hits you with a +0 club.
The gnoll hits the plant with a +0 spear!
The gnoll barely misses you.
A nearby plant withers and dies.
The gnoll sergeant hits you from afar with a +0 spear!
The gnoll attacks as it pursues you! The gnoll hits you with a +0 club.
The gnoll hits you with a +0 whip.
* * * LOW HITPOINT WARNING * * *
You closely miss the bullfrog.
The bullfrog is moderately wounded.
You block the bullfrog's attack.
The adder bites the plant.
The gnoll sergeant hits you from afar with a +0 spear.
* * * LOW HITPOINT WARNING * * *
The gnoll closely misses you. The bullfrog hits you.
* * * LOW HITPOINT WARNING * * *
The bullfrog closely misses you.
Okay, then.
You feel very mighty all of a sudden.
A nearby plant withers and dies.
The bullfrog barely misses you. You block the gnoll's attack.
You block the gnoll sergeant's attack. You block the gnoll's attack.
The bullfrog closely misses you.
The adder bites the plant.
The plant begins to die.
The bullfrog hits you but does no damage.
You barely miss the bullfrog.
The bullfrog is moderately wounded.
The bullfrog hits you.
* * * LOW HITPOINT WARNING * * *
The gnoll hits you with a +0 whip.
* * * LOW HITPOINT WARNING * * *
You block the gnoll sergeant's attack. You block the gnoll's attack.
The bullfrog barely misses you.
The adder bites the plant.
The bullfrog hits you!
* * * LOW HITPOINT WARNING * * *
You mangle the bullfrog!!
You kill the bullfrog!
You block the bullfrog's attack. You block the gnoll's attack.
You block the gnoll sergeant's attack.
The adder bites the plant.
The gnoll hits you with a +0 club.
You die...
Your body falls in perfect tune with the rhythm.

# #.# #.# #.## ...♣ ..
###.###.# #.# #..♣ ..P
..'.'...# #.# #..♣♣♣...
###.##### #.# #.P.........
#.# #.## #...........
###'#######..###.....P.P..
.............#....♣ ♣...♣
####...........#†.♣ ♣...♣
.
#############@F♣♣♣...♣♣♣..
#gggg.........
#5gg..........
#.PS..$.......
#..♣♣♣...♣♣♣. #.P♣ ♣.†.♣
#..♣ ♣P..♣ #.PP .P....
#... .......


You could see a gnoll sergeant, a bullfrog, 5 gnolls, an adder and a shadow imp.

Vanquished Creatures
  Eustachio (D:6)
  A water moccasin (D:4)
  Duvessa (D:5)
  A black bear (D:5)
  2 bullfrogs (D:6)
  A gnoll sergeant (D:6)
  3 scorpions
  Dowan (D:5)
  A jelly (D:4)
  A bombardier beetle (D:3)
  An orc priest (D:6)
  A gnoll bouda (D:6)
  4 hounds
  3 iguanas
  An orc wizard (D:5)
  Ijyb (D:4)
  7 gnolls (D:6)
  6 adders
  2 shadow imps
  A ribbon worm (D:2)
  2 dart slugs (D:3)
  7 orcs
  5 bats
  4 endoplasms
  3 giant cockroaches
  8 goblins
  6 hobgoblins
  5 jackals
  3 quokkas
  7 ball pythons
  4 frilled lizards (D:2)
  4 kobolds
  3 rats
101 creatures vanquished.

Notes
Turn   | Place    | Note
-------+----------+-------------------------------------------
     0 | D:1      | CougarLife the Troll Fighter began the quest for the Orb.
     0 | D:1      | Reached XP level 1. HP: 22/22 MP: 0/0
   102 | D:1      | Reached XP level 2. HP: 29/29 MP: 1/1
   441 | D:2      | Reached XP level 3. HP: 36/36 MP: 2/2
   446 | D:2      | Reached skill level 3 in Unarmed Combat
   559 | D:2      | Found a faded altar of an unknown god.
  1047 | D:2      | Reached XP level 4. HP: 43/44 MP: 3/3
  1283 | D:3      | Reached skill level 4 in Unarmed Combat
  1550 | D:3      | Found a faded altar of an unknown god.
  1554 | D:3      | Found an opulent altar of Gozag.
  1717 | D:3      | Found an ornate altar of the Wu Jian Council.
  1787 | D:3      | Found a blossoming altar of Fedhas.
  2168 | D:4      | Reached skill level 5 in Unarmed Combat
  2168 | D:4      | Reached XP level 5. HP: 44/50 MP: 4/4
  2192 | D:4      | Identified the +3 whip "Ruxud" {antimagic, rN+ Will+}
  2213 | D:4      | Found a sacrificial altar of Ru.
  2289 | D:4      | Noticed a water moccasin
  2297 | D:4      | Killed a water moccasin
  2298 | D:4      | Reached skill level 6 in Unarmed Combat
  2298 | D:4      | Reached XP level 6. HP: 59/59 MP: 5/5
  2306 | D:4      | Found a staircase to the Ecumenical Temple.
  2324 | Temple   | Found a transporter.
  2324 | Temple   | Found a transporter.
  2324 | Temple   | Found a transporter.
  2324 | Temple   | Found a transporter.
  2324 | Temple   | Entered the Ecumenical Temple
  2342 | Temple   | Became a worshipper of Uskayaw the Reveller
  2449 | D:4      | Found a radiant altar of Vehumet.
  2457 | D:4      | Reached * piety under Uskayaw
  2587 | D:4      | Noticed Ijyb
  2601 | D:4      | Killed Ijyb
  2601 | D:4      | Reached ** piety under Uskayaw
  2783 | D:5      | Entered Level 5 of the Dungeon
  2954 | D:5      | Reached skill level 7 in Unarmed Combat
  2988 | D:5      | Reached XP level 7. HP: 65/66 MP: 6/6
  3123 | D:5      | Reached *** piety under Uskayaw
  3124 | D:5      | Reached skill level 8 in Unarmed Combat
  3148 | D:5      | Noticed Duvessa
  3148 | D:5      | Noticed Dowan
  3157 | D:5      | Killed Duvessa
  3159 | D:5      | Killed Dowan
  3221 | D:5      | Found a stormy altar of Qazlal.
  3253 | D:5      | Found a white marble altar of Elyvilon.
  3393 | D:6      | Noticed Eustachio
  3431 | D:6      | Killed Eustachio
  3432 | D:6      | Reached skill level 9 in Unarmed Combat
  3432 | D:6      | Reached XP level 8. HP: 59/74 MP: 7/7
  3558 | D:6      | Reached **** piety under Uskayaw
  3681 | D:6      | Found a bloodstained altar of Trog.
  3709 | D:6      | Found a glowing silver altar of Zin.
  3876 | D:6      | HP: 3/79 [bullfrog (7)]
  3877 | D:6      | Slain by a gnoll

Illustrated notes

Levels and vault maps discovered:
D:1:      amcnicky_arrival_wind_blow, layout_rooms
D:2:      layout_loops_ring, ebering_ecumenical_altar_box,
          minmay_randomly_rotated_circles
D:3:      layout_basic, overflow_temple_1_default, fedhas_altar_3,
          nicolae_overflow_ecumenical_swirl, dk_noncrumbling_4, minmay_vboxes
D:4:      layout_cave_pods, hangedman_ru_absence, nicolae_vehumet_radiance,
          minmay_temple_entry_large_hall, uniq_ijyb
D:5:      layout_rooms, nicolae_elyvilon_peaceful_grove,
          nicolae_qazlal_scattered_showers, uniq_duvessa
D:6:      layout_loops_ring, mainiacjoe_overflow_six_doors_small,
          nemelex_spade_bored_becter, trog_book, minmay_door_square,
          kennysheep_boxes, uniq_eustachio
Temple:   hellmonk_temple_divided_pantheon

Skill      XL: |  1  2  3  4  5  6  7  8 |
---------------+-------------------------+-----
Dodging        | 3 |  3.0
Unarmed Combat | 3 5 6 7 9 |  9.3
Fighting       | 4 |  4.4
Shields        | |  2.6

Action                     |  1- 3 |  4- 6 |  7- 9 || total
---------------------------+-------+-------+-------++-------
  Melee: Unarmed           |    91 |   102 |    96 ||   289
    Use: Potion            |       |       |     1 ||     1
   Stab: Paralysed         |       |       |     2 ||     2
 Armour: Robe              |    35 |    49 |    58 ||   142
  Dodge: Dodged            |    23 |    21 |    27 ||    71
  Block: Kite shield       |    55 |    48 |    78 ||   181
         Reflection        |     1 |     1 |       ||     2

Table legend: (Time is in decaauts)
 A = Elapsed time spent in this place.
 B = Non-inter-level travel time spent in this place.
 C = Inter-level travel time spent in this place.
 D = Time resting spent in this place.
 E = Time spent auto-exploring this place.
 F = Levels seen in this place.
 G = Mean time per level.
                   A        B        C        D        E       F      G
               +--------+--------+--------+--------+--------+-----+--------+
         Total |   3876 |   3712 |    164 |    152 |   2823 |   7 |  553.7 |
       Dungeon |   3839 |   3692 |    147 |    152 |   2823 |   6 |  639.8 |
        Temple |     36 |     19 |     17 |      0 |      0 |   1 |   36.0 |
               +--------+--------+--------+--------+--------+-----+--------+

Top non-repeatable levels by time:
     D:3: 932 daAuts
     D:2: 739 daAuts
     D:4: 680 daAuts
     D:5: 591 daAuts
     D:6: 495 daAuts
     D:1: 399 daAuts
  Temple: 36 daAuts
